 Dungeon Crawl Stone Soup version 0.26-a0-812-g31a745ddcd (webtiles) character file.

Game seed: 15869325619947198691

774 tilp the Slinger (level 8, -2/51 HPs)
             Began as a Halfling Hunter on Nov 24, 2020.
             Slain by a small abomination (12 damage)
             ... on level 1 of the Abyss.
             The game lasted 00:09:33 (5687 turns).

tilp the Slinger (Halfling Hunter)                  Turns: 5687, Time: 00:09:34

Health: -2/51      AC: 13    Str: 14    XL:     8   Next: 10%
Magic:  8/8        EV: 13    Int:  9    God:
Gold:   254        SH:  0    Dex: 16    Spells: 7/7 levels left

rFire    . . .     SeeInvis .   a - +2 hunting sling
rCold    . . .     Faith    .   (shield restricted)
rNeg     . . .     Spirit   .   u - +0 scale mail
rPois    .         Reflect  .   j - +0 helmet (curse)
rElec    .         Harm     .   s - +2 cloak
rCorr    .         Rampage  .   v - +2 pair of gloves
MR       .....                  (no boots)
Stlth    +.........             (no amulet)
HPRegen  0.17/turn              (no ring)
MPRegen  0.11/turn              (no ring)

@: about to teleport
A: small, mutation resistance 1
a: no special abilities


You were on level 1 of the Abyss.
You visited 1 branch of the dungeon, and saw 5 of its levels.
You visited the Abyss 1 time.

You collected 254 gold pieces.

Inventory:

Hand Weapons
 a - a +2 hunting sling (weapon)
 b - a +2 dagger of holy wrath
Missiles
 d - 74 sling bullets (quivered)
 h - 156 stones
 l - 7 boomerangs
 n - 8 atropa-tipped darts
 D - 13 poisoned darts
Armour
 c - a +0 leather armour
 j - a cursed +0 helmet (worn)
 s - a +2 cloak (worn)
 u - a +0 scale mail (worn)
 v - a +2 pair of gloves (worn)
Jewellery
 o - an uncursed ring of poison resistance {unknown}
 x - a +6 ring of strength {unknown}
 E - a +6 ring of dexterity {unknown}
Scrolls
 e - 3 scrolls of immolation
 f - 2 scrolls of remove curse {unknown}
 g - a scroll of amnesia {unknown}
 i - a scroll of fear
 m - 3 scrolls of enchant weapon
 r - 3 scrolls of identify {unknown}
 t - 2 scrolls of teleportation
 y - a scroll of noise {unknown}
 z - a scroll of fog {unknown}
Potions
 k - 2 potions of degeneration {unknown}
 p - 2 potions of flight {unknown}
 q - 3 potions of curing {unknown}
 w - a potion of heal wounds {unknown}
 A - a potion of invisibility {unknown}
 B - a potion of berserk rage {unknown}
 C - a potion of attraction {unknown}


   Skills:
 + Level 2.6 Fighting
 - Level 12.0 Slings
 + Level 3.1 Dodging
 + Level 2.6 Stealth


You had 7 spell levels left.
You didn't know any spells.
Your spell library was empty.

Dungeon Overview and Level Annotations

Branches:
Dungeon (5/15)
 Temple: D:4-7

Altars:
Ashenzari
Elyvilon
Makhleb
Nemelex Xobeh
Sif Muna
Uskayaw
Xom

Annotations:
D:3 1 runed translucent door, Crazy Yiuf
D:5 2 transporters


Innate Abilities, Weirdness & Mutations

You are small and have problems with some larger weapons.
You are somewhat resistant to further mutation.


Message History

Press: ? - help, Shift-Dir - straight line, f - small abomination
Aim: a small abomination You shoot a sling bullet.
The sling bullet hits the small abomination.
The small abomination is lightly damaged.
The small abomination hits you but does no damage.
The small abomination hits you!
Found a scroll of enchant weapon.
The small abomination closely misses you.
You see here a scroll of enchant weapon.
m - 3 scrolls of enchant weapon (gained 1)
The small abomination hits you!
As you read the scroll of teleportation, it crumbles to dust.
You feel strangely unstable.
You feel the power of the Abyss delaying your translocation!
The small abomination hits you. The small abomination hits you!
* * * LOW HITPOINT WARNING * * *
Unknown command.
The small abomination hits you!
You die...

# .# .## ..# ..# ..
### #.# .####.
.#... #.# #.. ... #
#.#.# .'###.. ...##
.#...# ....'.
#..... #.... #+ #
.## #..## #..#
#.#...##?#....##@.#
. #.. #.#..#.
#x#.....#
..#.#..#....#.##.#
##.##
#####...X#..##..###
# # . ...##...# #..
.$...X..##
.X.......# .#.##..#
..##.
...####..###.#
##..##.# #..# .#


You could see a tentacled starspawn and a small abomination.

Vanquished Creatures
  An orc warrior (D:5)
  A phantom (D:5)
  A centaur (D:5)
  2 jellies (D:5)
  A hound (D:2)
  A bullfrog skeleton (D:5)
  Jessica (D:3)
  Natasha (twice) (D:2)
  An iguana (D:4)
  4 orc wizards
  3 worker ants (D:4)
  3 adders
  A white imp (D:5)
  4 worms
  2 dart slugs
  A leopard gecko (D:3)
  11 orcs
  6 bats
  5 giant cockroaches
  5 hobgoblins
  6 jackals
  6 kobolds
  2 quokkas
  3 frilled lizards
  A giant cockroach zombie (D:5)
  2 goblins
  5 rats
81 creatures vanquished.

Notes
Turn   | Place    | Note
-------+----------+-------------------------------------------
     0 | D:1      | tilp the Halfling Hunter began the quest for the Orb.
     0 | D:1      | Reached XP level 1. HP: 14/14 MP: 1/1
    23 | D:1      | Reached skill level 6 in Slings
    96 | D:1      | Reached XP level 2. HP: 15/19 MP: 2/2
   835 | D:2      | Noticed Natasha
   948 | D:2      | Reached skill level 7 in Slings
   948 | D:2      | Reached XP level 3. HP: 19/24 MP: 3/3
  1294 | D:2      | Killed Natasha
  1294 | D:2      | Reached XP level 4. HP: 22/29 MP: 4/4
  1416 | D:2      | Reached skill level 8 in Slings
  1528 | D:2      | Noticed Natasha
  1531 | D:2      | Killed Natasha
  1695 | D:2      | Found a burning altar of Makhleb.
  1705 | D:2      | Reached XP level 5. HP: 20/34 MP: 5/5
  2035 | D:2      | Reached skill level 9 in Slings
  2253 | D:2      | Found a sparkling altar of Nemelex Xobeh.
  2489 | D:3      | Found a broken altar of Ashenzari.
  3277 | D:3      | Found a runed translucent door.
  3278 | D:3      | Noticed Crazy Yiuf
  3324 | D:3      | Noticed Jessica
  3329 | D:3      | Killed Jessica
  3329 | D:3      | Reached XP level 6. HP: 25/39 MP: 6/6
  3868 | D:4      | Reached skill level 10 in Slings
  4652 | D:4      | Reached skill level 11 in Slings
  4652 | D:4      | Reached XP level 7. HP: 42/44 MP: 7/7
  4721 | D:5      | Entered Level 5 of the Dungeon
  4736 | D:5      | Found a shimmering blue altar of Sif Muna.
  4739 | D:5      | Noticed a gargoyle
  4923 | D:5      | Found a transporter.
  4925 | D:5      | Found a transporter.
  4925 | D:5      | Noticed a two-headed ogre
  4925 | D:5      | Noticed a troll
  4945 | D:5      | Found a white marble altar of Elyvilon.
  4946 | D:5      | Found a shimmering altar of Xom.
  4986 | D:5      | Reached skill level 12 in Slings
  5459 | D:5      | Found a hide-covered altar of Uskayaw.
  5491 | D:5      | Reached XP level 8. HP: 36/51 MP: 8/8
  5635 | D:5      | Cast into level 1 of the Abyss (orc wizard)
  5655 | Abyss:1  | Noticed a tentacled starspawn
  5687 | Abyss:1  | Slain by a small abomination

Illustrated notes

Levels and vault maps discovered:
D:1:      lemuel_arrival_room, layout_basic
D:2:      layout_loops_ring, makhleb_heckhound_becter,
          nemelex_lonely_heart_becter, uniq_natasha
D:3:      layout_basic, lemuel_crystal_altar, uniq_jessica,
          uniq_crazy_yiuf_cottage
D:4:      layout_basic
D:5:      layout_loops_ring, overflow_temple_1_default,
          overflow_temple_1_default, gammafunk_temple_overflow_arena,
          minivault_4, minmay_door_square
Abyss:1:  base:
Temple

Skill      XL: |  1  2  3  4  5  6  7 |
---------------+----------------------+-----
Slings         | 6 7 8 9 11 12 | 12.0
Fighting       | 2 |  2.6
Stealth        | 2 |  2.6
Dodging        | 3 |  3.1

Action                   |  1- 3 |  4- 6 |  7- 9 || total
-------------------------+-------+-------+-------++-------
Melee: Short sword       |     8 |       |       ||     8
       Dagger            |    44 |   116 |    43 ||   203
 Fire: Hunting sling     |    18 |    97 |    44 ||   159
Throw: Dart              |       |       |     1 ||     1
  Use: Scroll            |     1 |     3 |     4 ||     8
 Stab: Sleeping          |       |     1 |       ||     1
Armor: Leather armour    |     8 |    14 |       ||    22
       Scale mail        |       |    33 |    30 ||    63
Dodge: Dodged            |    35 |    78 |    19 ||   132

Table legend: (Time is in decaauts)
 A = Elapsed time spent in this place.
 B = Non-inter-level travel time spent in this place.
 C = Inter-level travel time spent in this place.
 D = Time resting spent in this place.
 E = Time spent auto-exploring this place.
 F = Levels seen in this place.
 G = Mean time per level.
                   A        B        C        D        E       F      G
               +--------+--------+--------+--------+--------+-----+--------+
         Total |   5604 |   5319 |    285 |   1062 |   3417 |   6 |  934.0 |
       Dungeon |   5553 |   5268 |    285 |   1062 |   3417 |   5 | 1110.6 |
         Abyss |     50 |     50 |      0 |      0 |      0 |   1 |   50.0 |
               +--------+--------+--------+--------+--------+-----+--------+

Top non-repeatable levels by time:
     D:2: 1514 daAuts
     D:3: 1389 daAuts
     D:4: 978 daAuts
     D:1: 883 daAuts
     D:5: 787 daAuts
 Abyss:1: 50 daAuts
